 Dungeon Crawl Stone Soup version 0.24.1-8-ga250c9d538 (webtiles) character file.

Game seed: 6987774789405418083, levelgen mode: deterministic

28 Peloso the Covered (level 3, -1/43 HPs)
             Began as a Demonspawn Fighter on May 1, 2020.
             Slain by an adder (3 damage)
             ... on level 2 of the Dungeon.
             The game lasted 00:01:42 (904 turns).

Peloso the Covered (Demonspawn Fighter)              Turns: 904, Time: 00:01:43

Health: -1/43      AC: 21    Str: 17    XL:     3   Next: 0%
Magic:  3/3        EV:  2    Int: 14    God:
Gold:   86         SH:  9    Dex: 12    Spells: 2/2 levels left

rFire    . . .     SeeInvis .   a - +0 long sword
rCold    . . .     Gourm    .   c - +0 shield
rNeg     + + +     Faith    .   (armour currently unavailable)
rPois    +         Spirit   .   (helmet currently unavailable)
rElec    .         Reflect  .   (cloak currently unavailable)
rCorr    .         Harm     .   (gloves currently unavailable)
MR       .....     NoTele   +   (boots currently unavailable)
Stlth    +.........             (no amulet)
HPRegen  0.14/turn              (no ring)
MPRegen  0.08/turn              (no ring)

@: brilliant, lethally poisoned (-1 -> -7), tree-form
A: powered by pain 1
a: no special abilities


You were on level 2 of the Dungeon.
You were not hungry.
You were a tree.
You visited 1 branch of the dungeon, and saw 2 of its levels.

You collected 86 gold pieces.

Inventory:

Hand Weapons
 a - a +0 long sword (weapon)
Armour
 b - a +0 scale mail (melded)
 c - a +0 shield (worn)
Scrolls
 e - 2 scrolls of remove curse {unknown}
 g - 2 scrolls of magic mapping {unknown}
 h - a scroll of enchant armour {unknown}
 i - 3 scrolls of identify {unknown}
 j - 2 scrolls of blinking {unknown}
Potions
 d - a potion of might
 l - a potion of lignification
Comestibles
 f - 4 rations


   Skills:
 + Level 3.1 Fighting
 + Level 2.0 Long Blades
 + Level 3.2 Armour
 + Level 0.3 Dodging
 + Level 2.9 Shields


You had 2 spell levels left.
You didn't know any spells.
Your spell library was empty.

Dungeon Overview and Level Annotations

Branches:
Dungeon (2/15)

Altars:


Innate Abilities, Weirdness & Mutations

You sometimes gain a little power by taking damage.


Message History

You feel clever all of a sudden.
You feel sick. The adder bites you.
* * * LOW HITPOINT WARNING * * *
You are lethally poisoned!
The adder poisons you! The adder bites you but does no damage.
It was a potion of magic.
Magic courses through your body.
* * * LOW HITPOINT WARNING * * *
You feel sick. The kobold completely misses you.
The adder bites you but does no damage.
You barely miss the adder.
The adder is lightly wounded.
* * * LOW HITPOINT WARNING * * *
You feel sick. The adder bites you but does no damage.
The kobold hits you but does no damage. The adder bites you but does no damage.
Unknown command.
You closely miss the adder.
The adder is lightly wounded.
* * * LOW HITPOINT WARNING * * *
You feel sick. The kobold hits you but does no damage. The adder bites you.
You die...

##### #.# #...######.#
#..........####
#.............#
###..#####..##.#
####....#####..##.#
.....##........##.#######
.....##.<####...........#
#..........#...(♣S......#
#######†.#.#.####K#####.#
#..)..#.#.###...####.######
#...).#.#.................#
#.(........##...####.####.#
##[#..###.>###.##
##(.....## #(#..###......#
#......... #
###.........#####
#..#.##.## ###...#####...
##.(#.# #


You could see an adder and a kobold.

Vanquished Creatures
  A dart slug (D:2)
  A ball python (D:1)
  2 bats (D:1)
  3 giant cockroaches
  2 goblins
  6 hobgoblins
  A kobold (D:1)
  3 frilled lizards
  4 rats (D:1)
23 creatures vanquished.

Notes
Turn   | Place    | Note
-------+----------+-------------------------------------------
     0 | D:1      | Peloso the Demonspawn Fighter began the quest for the Orb.
     0 | D:1      | Reached XP level 1. HP: 18/18 MP: 1/1
   361 | D:1      | Gained mutation: You sometimes gain a little power by
                  | taking damage. [demonic ancestry]
   361 | D:1      | Reached XP level 2. HP: 24/24 MP: 2/2
   845 | D:2      | Reached XP level 3. HP: 12/29 MP: 3/3
   903 | D:2      | HP: 2/43 [poisoned by an adder]
   904 | D:2      | Slain by an adder

Levels and vault maps discovered:
D:1:      saegor_arrival_simple_c, layout_basic
D:2:      layout_loops_ring, nicolae_ru_the_path_less_chosen,
          nemelex_spade_bored_becter

Skill      XL: |  1  2 |
---------------+-------+-----
Armour         | 3 |  3.2
Long Blades    | 2 |  2.0
Fighting       | |  3.1
Dodging        | |  0.3
Shields        | |  2.9

Action                   || total
-------------------------++-------
Melee: Long sword        ||    71
  Use: Potion            ||     3
Armor: Scale mail        ||    31
       Skin              ||     6
Dodge: Dodged            ||    27
Block: Shield            ||    51
       Rpst.: Long sword ||     4
